 Dungeon Crawl Stone Soup version 0.17.0-28-g6e173f8 (webtiles) character file.

75 dohliylev the Stinger (level 4, -1/24 HPs)
             Began as a Gargoyle Venom Mage on Nov 28, 2015.
             Was an Initiate of Vehumet.
             Slain by an orc (2 damage)
             ... on level 1 of the Dungeon.
             The game lasted 00:12:40 (1749 turns).

dohliylev the Stinger (Gargoyle Venom Mage)         Turns: 1749, Time: 00:12:40

Health: -1/24      AC:  5    Str: 11    XL:     4   Next: 31%
Magic:  1/8        EV:  7    Int: 17    God:    Vehumet [......]
Gold:   87         SH:  0    Dex: 10    Spells: 3 memorised, 0 levels left

rFire  . . .     SeeInvis .     i - +0 dagger
rCold  . . .     Clarity  .     a - +0 robe
rNeg   + . .     SustAt   .     (no shield)
rPois  ∞         Gourm    .     (no helmet)
rElec  +         Spirit   .     (no cloak)
rCorr  .         Warding  .     (no gloves)
rMut   .         Rnd*Tele +     (no boots)
MR     .....                    (no amulet)
Stlth  ++........               n - ring of teleportation (curse)
                                l - ring of flight

@: very slightly contaminated, not resistant to hostile enchantments, unstealthy
A: negative energy resistance 1, electricity resistance, unbreathing,
petrification resistance, rot immunity, AC +3
a: Renounce Religion, Evoke Flight, Evoke Teleportation


You were on level 1 of the Dungeon.
You worshipped Vehumet.
Vehumet was noncommittal.
You were hungry.

You visited 1 branch of the dungeon, and saw 2 of its levels.

You collected 87 gold pieces.

Inventory:

Hand Weapons
 i - a +0 dagger (weapon)
Armour
 a - a +0 robe (worn)
Jewellery
 l - a ring of flight (left hand)
 n - a cursed ring of teleportation (right hand)
Scrolls
 d - a scroll of magic mapping {unknown}
 e - a scroll of immolation {unknown}
 f - a scroll of identify {unknown}
 o - a scroll of teleportation {unknown}
Potions
 h - a potion of lignification {unknown}
 j - a potion of brilliance {unknown}
 k - a potion of mutation {unknown}
Books
 b - a Young Poisoner's Handbook

   Spells                             Type                      Level
   a - Sting                          Conjuration/Poison           1
   b - Cure Poison                    Poison                       2
   c - Mephitic Cloud                 Conjuration/Poison/Air       3
   d - Olgreb's Toxic Radiance        Poison                       4
   e - Venom Bolt                     Conjuration/Poison           5
Comestibles
 c - 2 bread rations
 g - a beef jerky


   Skills:
 - Level 0.7 Fighting
 + Level 2.0 Dodging
 + Level 2.1 Stealth
 * Level 2.9 Spellcasting
 + Level 1.0 Conjurations
 + Level 4.6 Poison Magic


You couldn't memorise any spells.
You knew the following spells:

 Your Spells              Type           Power        Failure   Level  Hunger
a - Sting                 Conj/Pois      ##..         6%          1    #......
b - Mephitic Cloud        Conj/Pois/Air  #.......     24%         3    ###....
c - Olgreb's Toxic Radia  Pois           ###.....     30%         4    #####..


Dungeon Overview and Level Annotations

Branches:
Dungeon (2/15)

Altars:
Gozag
Vehumet


Innate Abilities, Weirdness & Mutations

You are resistant to torment.
Your stone body is resilient (AC +3).
You are immune to poison.
You resist negative energy.
You are resistant to electric shocks.
You can survive without breathing.
You are immune to petrification.
You are immune to rotting.


Message History

You hit the orc wizard.
The orc wizard is severely wounded.
The orc hits you.
* * * LOW HITPOINT WARNING * * *
The orc wizard hits you but does no damage.
You hit the orc wizard but do no damage.
The orc wizard is severely wounded.
The orc barely misses you.
The orc wizard gestures wildly while chanting.
The orc wizard seems to speed up.
You hit the orc wizard but do no damage.
The orc wizard is severely wounded.
The orc closely misses you. The orc wizard misses you.
You hit the orc wizard but do no damage.
The orc wizard is severely wounded.
The orc wizard hits you with a dagger.
* * * LOW HITPOINT WARNING * * *
The orc hits you but does no damage. The orc wizard barely misses you.
The orc hits you.
You die...

.# ### #######.... .#
################ #.### .#
#..........'...# #.#
.###.##########.<.# #.#
.....##########...######## #.#
##.###.......#######.....####.###
#...#.......###########.........
##.###.8.⌠.8.#......## ######....
...# #.......#..@o...########..##
.### #.......#..o..............#
.### ##'###+#################.##
)..# ##.....#### #.# ##.#
#..###.##.# ##.## ##.###.##
#....# #...## .....#.# ####.#
#..... ..>.)#.# #.# #...##
.......# #.# ######


You could see an orc wizard and an orc.

Vanquished Creatures
  4 adders (D:2)
  A worm (D:2)
  An orc (D:2)
  3 bats (D:2)
  5 giant cockroaches
  5 goblins
  3 hobgoblins
  2 jackals (D:2)
  4 giant newts
  8 kobolds
  6 rats
42 creatures vanquished.

Notes
Turn   | Place    | Note
--------------------------------------------------------------
     0 | D:1      | dohliylev the Gargoyle Venom Mage began the quest for the Orb.
     0 | D:1      | Reached XP level 1. HP: 10/10 MP: 3/3
   294 | D:1      | Reached XP level 2. HP: 4/15 MP: 1/5
   927 | D:2      | Found a faded altar to an unknown god.
   945 | D:2      | Reached XP level 3. HP: 18/20 MP: 0/6
  1040 | D:2      | Found an opulent altar of Gozag.
  1161 | D:2      | Learned a level 3 spell: Mephitic Cloud
  1175 | D:2      | Found a radiant altar of Vehumet.
  1191 | D:2      | Became a worshipper of Vehumet
  1273 | D:2      | Reached XP level 4. HP: 12/24 MP: 0/8
  1287 | D:2      | Learned a level 4 spell: Olgreb's Toxic Radiance
  1376 | D:2      | Reached skill level 1 in Conjurations
  1748 | D:1      | HP: 1/24 [orc wizard/dagger (3)]
  1749 | D:1      | Slain by an orc

Action                   |  1- 3 |  4- 6 || total
-------------------------+-------+-------++-------
Melee: Unarmed           |    33 |       ||    33
       Dagger            |    68 |    19 ||    87
 Cast: Sting             |    67 |     7 ||    74
       Olgreb's Toxic Ra |       |     5 ||     5
       Mephitic Cloud    |       |     1 ||     1
  Eat: Chunk             |     2 |     3 ||     5
